 Dungeon Crawl Stone Soup version 0.20.1-1-g8b1a95d (webtiles) character file.

40 gobwax the Poker (level 3, -9/27 HPs)
             Began as a Merfolk Skald on July 10, 2017.
             Killed from afar by a white imp (11 damage)
             ... with a puff of frost
             ... summoned by Natasha
             ... on level 2 of the Dungeon.
             The game lasted 00:02:40 (1064 turns).

gobwax the Poker (Merfolk Skald)                    Turns: 1064, Time: 00:02:41

Health: -9/27      AC:  4    Str: 11    XL:     3   Next: 50%
Magic:  4/6        EV: 12    Int: 12    God:
Gold:   57         SH:  0    Dex: 14    Spells: 3/6 levels left

rFire    . . .     SeeInvis .   a - +0 spear
rCold    . . .     Gourm    .   (no shield)
rNeg     . . .     Faith    .   b - +0 leather armour
rPois    .         Spirit   .   g - +0 helmet
rElec    .         Reflect  .   (no cloak)
rCorr    .         Harm     .   (no gloves)
MR       .....                  (no boots)
Stlth    +.........             (no amulet)
Regen    0.1/turn               (no ring)
MPRegen  0.1/turn               (no ring)

@: infused, slowed, very slow
A: change form in water, swift swim, stealthy swim
a: no special abilities


You were on level 2 of the Dungeon.
You were not hungry.

You visited 1 branch of the dungeon, and saw 2 of its levels.

You collected 57 gold pieces.

Inventory:

Hand Weapons
 a - a +0 spear (weapon)
Armour
 b - a +0 leather armour (worn)
 g - a +0 helmet (worn)
Scrolls
 h - a scroll of enchant weapon {unknown}
 i - 2 scrolls of immolation {unknown}
 j - 2 scrolls of teleportation {unknown}
 k - 4 scrolls of identify {unknown}
 m - a scroll of random uselessness {unknown}
 o - 2 scrolls of remove curse {unknown}
 r - a scroll of fear {unknown}
Potions
 e - 2 potions of flight {unknown}
 n - 2 potions of might {unknown}
 p - a potion of curing {unknown}
 q - a potion of magic {unknown}
Books
 c - a book of Battle

   Spells                             Type                      Level
   a - Infusion                       Charms                       1
   b - Shroud of Golubria             Charms/Translocation         2
   c - Song of Slaying                Charms                       2
   d - Spectral Weapon                Hexes/Charms                 3
   e - Regeneration                   Charms/Necromancy            3
Comestibles
 d - 2 bread rations
 f - a meat ration
 l - 4 fruits


   Skills:
 - Level 2.1 Fighting
 * Level 5.5 Polearms
 - Level 0.6 Armour
 - Level 2.6 Dodging
 - Level 2.0 Spellcasting
 - Level 3.2 Charms


You had 3 spell levels left.
You knew the following spells:

 Your Spells              Type           Power        Failure   Level  Hunger
a - Infusion              Chrm           #...         10%         1    ##.....
b - Song of Slaying       Chrm           #.......     14%         2    ###....


Dungeon Overview and Level Annotations

Branches:
Dungeon (2/15)

Altars:
Dithmenos

Annotations:
D:2 Natasha


Message History

Natasha howls an incantation.
You feel troubled.
Natasha stares at you and mumbles some strange words.
The magic dart hits you!
You hit Natasha.
Natasha is heavily wounded.
The white imp hits you but does no damage.
Natasha claws you!
* * * LOW HITPOINT WARNING * * *
The white imp gestures at you. The puff of frost hits you!
* * * LOW HITPOINT WARNING * * *
You hit Natasha.
Natasha is severely wounded.
Natasha wildly gestures.
You feel troubled. Natasha closely misses you. The white imp gestures at you.
The puff of frost hits you!
You die...

...##.## ##########
...###.# #.........
..###.#######.########
#..#.†).....#.#
#.(.#.#####.#.####
#...#.##.........####
#...#.##.#..........#
#.†.........#.##.##.#
#...#.......#.##@#
...†.......##..5h#
...........##.##..
...........##.##.##
#...#####.........
#....< .### %..
#...### # ... #...#
.#### #...#


You could see Natasha and a white imp.

Vanquished Creatures
  A dart slug (D:1)
  3 leopard geckos (D:2)
  2 giant cockroaches (D:1)
  3 hobgoblins
  2 jackals (D:2)
  A ball python (D:1)
  7 bats
  7 goblins
  A kobold (D:2)
  8 rats
35 creatures vanquished.

Notes
Turn   | Place    | Note
-------+----------+-------------------------------------------
     0 | D:1      | gobwax the Merfolk Skald began the quest for the Orb.
     0 | D:1      | Reached XP level 1. HP: 16/16 MP: 3/3
   235 | D:1      | Reached skill level 4 in Polearms
   235 | D:1      | Reached XP level 2. HP: 22/22 MP: 5/5
   664 | D:1      | Reached XP level 3. HP: 27/27 MP: 6/6
   766 | D:2      | Reached skill level 5 in Polearms
   853 | D:2      | Learned a level 2 spell: Song of Slaying
   938 | D:2      | Found a shadowy altar of Dithmenos.
  1056 | D:2      | Noticed Natasha
  1064 | D:2      | Killed from afar by a white imp

Skill      XL: |  1  2  3 |
---------------+----------+-----
Polearms       | 4 5 |  5.5
Fighting       | |  2.1
Armour         | |  0.6
Dodging        | |  2.6
Spellcasting   | |  2.0
Charms         | |  3.2

Action                   || total
-------------------------++-------
Melee: Spear             ||   122
 Cast: Infusion          ||     3
       Song of Slaying   ||     1
 Stab: Distracted        ||     1
       Sleeping          ||     3
  Eat: Chunk             ||     1
Armor: Leather armour    ||    20
Dodge: Dodged            ||    58
